 Dungeon Crawl Stone Soup version 0.28-a0-653-g7e9dba17c3 (webtiles) character file.

Game seed: 10181070866134257798

8 Gargoyl the Skirmisher (level 2, 0/29 HPs)
             Began as a Gnoll Abyssal Knight on Oct 12, 2021.
             Was a Follower of Lugonu.
             Frozen to death by an endoplasm (5 damage)
             ... on level 2 of the Dungeon.
             The game lasted 00:00:23 (374 turns).

Gargoyl the Skirmisher (Gnoll Abyssal Knight)        Turns: 374, Time: 00:00:23

Health: 0/29       AC:  3    Str: 12    XL:     2   Next: 8%
Magic:  5/5        EV: 12    Int:  9    God:    Lugonu [*.....]
Gold:   0          SH:  0    Dex: 12    Spells: 1/1 levels left

rFire   . . .      SeeInvis .   a - +2 hand axe
rCold   . . .      Faith    .   (no shield)
rNeg    . . .      Spirit   .   b - +0 leather armour
rPois   .          Reflect  .   (no helmet)
rElec   .          Harm     .   (no cloak)
rCorr   .          Rampage  .   (no gloves)
Will    .....                   (no boots)
Stlth   +.........              (no amulet)
HPRegen 0.09/turn               (no ring)
MPRegen 0.09/turn               (no ring)

@: no status effects
A: fangs 1, strong nose, distributed training
a: Renounce Religion, Depart the Abyss


You were on level 2 of the Dungeon.
You worshipped Lugonu.
Lugonu was aware of your devotion.
You visited 1 branch of the dungeon, and saw 2 of its levels.
You visited the Abyss 1 time.

Inventory:

Hand Weapons
 a - a +2 hand axe (weapon)
Armour
 b - a +0 leather armour (worn)
Scrolls
 c - a scroll of amnesia {unknown}


   Skills:
 + Level 6.4 Fighting
 + Level 0.2 Short Blades
 + Level 0.2 Long Blades
 + Level 4.4 Axes
 + Level 0.2 Maces & Flails
 + Level 0.2 Polearms
 + Level 0.2 Staves
 + Level 0.2 Slings
 + Level 0.2 Bows
 + Level 0.2 Crossbows
 + Level 0.2 Throwing
 + Level 4.4 Armour
 + Level 2.4 Dodging
 + Level 0.2 Stealth
 + Level 0.2 Shields
 + Level 0.2 Unarmed Combat
 + Level 0.2 Spellcasting
 + Level 0.1 Conjurations
 + Level 0.1 Hexes
 + Level 0.1 Summonings
 + Level 0.1 Necromancy
 + Level 0.1 Translocations
 + Level 0.1 Transmutations
 + Level 0.1 Fire Magic
 + Level 0.1 Ice Magic
 + Level 0.1 Air Magic
 + Level 0.1 Earth Magic
 + Level 0.1 Poison Magic
 + Level 4.4 Invocations
 + Level 0.2 Evocations


You had one spell level left.
You didn't know any spells.
Your spell library was empty.

Dungeon Overview and Level Annotations

Branches:
Dungeon (2/15)

Altars:


Innate Abilities, Weirdness & Mutations

You have very sharp teeth.
Your uncanny sense of smell can sniff out nearby items.
Your experience applies equally to all skills.


Message History

You closely miss the ball python.
The ball python bites you but does no damage.
The ball python grabs you. The ball python constricts you.
You hit the ball python.
You kill the ball python!
Lugonu accepts your kill.
A gnoll comes into view. It is wielding a +0 spear.
Found a spear.
The gnoll shouts!
A gnoll is nearby!
An endoplasm comes into view.
A hobgoblin comes into view.
The gnoll barely misses you.
A ball python comes into view.
You hit the gnoll but do no damage. The gnoll hits you with a +0 spear!
You hit the gnoll. You bite the gnoll, but do no damage.
The gnoll is lightly wounded.
The gnoll hits you with a +0 spear!
You closely miss the gnoll.
The gnoll is lightly wounded.
You hit the ball python. You hit the endoplasm. The ball python bites you.
The ball python grabs you. The ball python constricts you.
The gnoll hits you but does no damage. The endoplasm hits you.
* * * LOW HITPOINT WARNING * * *
The ball python bites you but does no damage.
The ball python constricts you.
* * * LOW HITPOINT WARNING * * *
You escape the ball python's grasp.
The gnoll barely misses you.
The gnoll hits you from afar with a +0 spear.
* * * LOW HITPOINT WARNING * * *
The ball python barely misses you. The ball python closely misses you.
There is a stone staircase leading down here.
The endoplasm closely misses you.
You climb downwards.
Found a lumpy ruby potion.
Found a stone staircase leading up.
There is a stone staircase leading up here.
You barely miss the endoplasm. The endoplasm freezes you.
You are frozen.
You die...

... .. <.....
....#. .....
....#.# .#..##.
..... ......
.... ....##.
#.. .......
.#..#..#J......
.......@.!.....
.#...........#.
#.............
#..####...#.#.
#. ...# # ..
...# . ...#
...#


You could see an endoplasm.

Vanquished Creatures
  A giant cockroach (D:1)
  2 kobolds (D:1)
  2 ball pythons (D:1)
  A bat (D:1)
  2 goblins (D:1)
  A rat (D:1)
9 creatures vanquished.

Notes
Turn   | Place    | Note
-------+----------+-------------------------------------------
     0 | Abyss:1  | Gargoyl the Gnoll Abyssal Knight began the quest for the
                  | Orb.
     0 | Abyss:1  | Reached XP level 1. HP: 23/23 MP: 3/3
    42 | Abyss:1  | Noticed a thrashing horror
    44 | D:1      | Escaped the Abyss
   106 | D:1      | Reached * piety under Lugonu
   213 | D:1      | Reached XP level 2. HP: 20/29 MP: 5/5
   374 | D:2      | Frozen to death by an endoplasm

Illustrated notes

Levels and vault maps discovered:
D:1:      sevenhm_arrival_forest_fort_small_4, layout_rooms,
          ebering_ecumenical_altar_petrified, minmay_misc_feat_room
D:2:      minmay_razor_zed, layout_basic

Action                   || total
-------------------------++-------
Melee: Hand axe          ||    24
       Bite              ||     1
Invok: Depart the Abyss  ||     1
  Use: Scroll            ||     1
Armor: Leather armour    ||    13
Dodge: Dodged            ||    24

Table legend: (Time is in decaauts)
 A = Elapsed time spent in this place.
 B = Non-inter-level travel time spent in this place.
 C = Inter-level travel time spent in this place.
 D = Time resting spent in this place.
 E = Time spent auto-exploring this place.
 F = Levels seen in this place.
 G = Mean time per level.
                   A        B        C        D        E       F      G
               +--------+--------+--------+--------+--------+-----+--------+
         Total |    375 |    375 |      0 |      0 |    295 |   3 |  125.0 |
       Dungeon |    331 |    331 |      0 |      0 |    254 |   2 |  165.5 |
         Abyss |     44 |     44 |      0 |      0 |     41 |   1 |   44.0 |
               +--------+--------+--------+--------+--------+-----+--------+

Top non-repeatable levels by time:
     D:1: 330 daAuts
 Abyss:1: 44 daAuts
     D:2: 0 daAuts
